 Dungeon Crawl Stone Soup version 0.27.0-1-g7a089689b8 (webtiles) character file.

Game seed: 15424516482454441667

795 ubername the Chiller (level 7, -1/48 HPs)
             Began as a Barachi Ice Elementalist on Aug 6, 2021.
             Slain by an ice beast (13 damage)
             ... on level 5 of the Dungeon.
             The game lasted 00:14:29 (6189 turns).

ubername the Chiller (Barachi Ice Elementalist)     Turns: 6189, Time: 00:14:29

Health: -1/48      AC:  8    Str:  9    XL:     7   Next: 89%
Magic:  14/14      EV: 12    Int: 18    God:
Gold:   200        SH:  0    Dex: 12    Spells: 8/16 levels left

rFire    . . .     SeeInvis .   f - +2 short sword (venom)
rCold    . . .     Faith    .   (no shield)
rNeg     . . .     Spirit   .   c - +0 leather armour
rPois    .         Reflect  .   (no helmet)
rElec    .         Harm     .   (no cloak)
rCorr    +         Rampage  .   (no gloves)
Will     .....                  (no boots)
Stlth    ++........             h - amulet of magic regeneration
HPRegen  0.16/turn              d - ring of resist corrosion
MPRegen  0.39/turn              (no ring)

@: ice-armoured, slow
A: amphibious, slowness 1, strong legs 1, +LOS
a: Hop


You were on level 5 of the Dungeon.
You visited 1 branch of the dungeon, and saw 5 of its levels.

You collected 200 gold pieces.

Inventory:

Hand Weapons
 f - a +2 short sword of venom (weapon)
Missiles
 e - 121 stones
 l - 3 atropa-tipped darts (quivered)
Armour
 c - a +0 leather armour (worn)
 i - a +0 buckler
 r - a +0 ring mail
Jewellery
 d - a ring of resist corrosion (left hand)
 h - an amulet of magic regeneration (around neck)
 q - the ring of Gozag's Wrath {rC+ MP+9 Str+2}
   (You found it on level 5 of the Dungeon)

   [ring of protection from cold]

   Str:       It affects your strength (+2).
   rC:        It protects you from cold.
   MP:        It affects your magic capacity (+9).
Wands
 n - a wand of flame (24)
Scrolls
 a - a scroll of fear
 b - 2 scrolls of teleportation
 m - a scroll of noise {unknown}
 o - 2 scrolls of enchant weapon
 p - a scroll of fog {unknown}
 s - a scroll of identify
Potions
 j - 2 potions of lignification {unknown}
 k - a potion of mutation


   Skills:
 + Level 1.3 Fighting
 + Level 2.0 Short Blades
 * Level 3.8 Armour
 + Level 2.6 Dodging
 + Level 1.9 Stealth
 * Level 5.1 Spellcasting
 - Level 0.4 Conjurations
 + Level 7.1 Ice Magic
 * Level 2.9 Air Magic


You had 8 spell levels left.
You knew the following spells:

 Your Spells              Type           Power      Damage    Failure   Level
a - Freeze                Ice            100%       1d11      1%          1
b - Frozen Ramparts       Ice            60%        1d8       2%          3
c - Shock                 Conj/Air       40%        1d5       9%          1
d - Ozocubu's Armour      Ice            30%        N/A       2%          3

Your spell library contained the following spells:

 Spells                   Type           Power      Damage    Failure   Level
 Swiftness                Air            15%        N/A       16%         3
 Slow                     Hex            4%         N/A       26%         2
 Hailstorm                Conj/Ice       18%        3d6       36%         4
 Airstrike                Air            7%         N/A       45%         4
 Confusing Touch          Hex            4%         N/A       47%         3
 Yara's Violent Unravell  Hex/Tmut       2%         3d3       99%         5


Dungeon Overview and Level Annotations

Branches:
Dungeon (5/15)
 Temple: D:4-7

Altars:
Elyvilon


Innate Abilities, Weirdness & Mutations

You are amphibious.
You cover ground slowly.
You can hop short distances.
You have an extended range of vision and can be seen from far away.


Message History

You hit the ice beast.
The ice beast is moderately wounded.
The ice beast hits you but does no damage.
You hit the ice beast.
The ice beast is moderately wounded.
The ice beast hits you but does no damage.
You barely miss the ice beast.
The ice beast is moderately wounded.
The ice beast barely misses you.
You hit the ice beast.
The ice beast is moderately wounded.
The ice beast hits you but does no damage.
You hit the ice beast but do no damage.
The ice beast is moderately wounded.
The ice beast closely misses you.
You barely miss the ice beast.
The ice beast is moderately wounded.
The ice beast barely misses you.
You hit the ice beast but do no damage.
The ice beast is poisoned.
The ice beast is moderately wounded.
The ice beast hits you but does no damage.
You barely miss the ice beast.
The ice beast is heavily wounded.
The ice beast hits you but does no damage.
You closely miss the ice beast.
The ice beast is heavily wounded.
The ice beast hits you. The ice beast freezes you.
You closely miss the ice beast.
The ice beast is heavily wounded.
The ice beast completely misses you.
You closely miss the ice beast.
The ice beast is heavily wounded.
The ice beast hits you. The ice beast freezes you!
* * * LOW HITPOINT WARNING * * *
You completely miss the ice beast.
The ice beast is heavily wounded.
The ice beast hits you.
* * * LOW HITPOINT WARNING * * *
The ice beast freezes you!
You die...

....)).......######
....)#######.# ...
###.### . #.....###
#.#...+.# #.#...#.#
#.....#.# #.#
#####...# #.#
#.....@# #.#
#.###.Y# #)#
#.###..# #.#
#...#..###.#
###...<..#.#
#####......#.#
####...(......#.#
..............#.#
.........###'##'####


You could see an ice beast (poisoned).

Vanquished Creatures
  An ogre (D:4)
  2 centaurs (D:4)
  2 phantoms (D:5)
  A scorpion (D:5)
  A howler monkey (D:4)
  2 electric eels (D:4)
  2 hounds
  An iguana (D:5)
  A gnoll (D:1)
  6 adders
  A white imp (D:4)
  2 worms
  6 orcs
  3 bats
  4 endoplasms
  5 giant cockroaches
  5 goblins
  7 hobgoblins
  5 jackals
  3 kobolds
  4 quokkas
  7 ball pythons
  2 frilled lizards (D:1)
  4 rats
77 creatures vanquished.

Vanquished Creatures (others)
  A plant (D:4)
1 creature vanquished.

Grand Total: 78 creatures vanquished

Notes
Turn   | Place    | Note
-------+----------+-------------------------------------------
     0 | D:1      | ubername the Barachi Ice Elementalist began the quest for
                  | the Orb.
     0 | D:1      | Reached XP level 1. HP: 13/13 MP: 3/3
    74 | D:1      | Reached skill level 5 in Ice Magic
   108 | D:1      | Reached XP level 2. HP: 19/19 MP: 1/5
   486 | D:1      | Reached XP level 3. HP: 24/24 MP: 4/6
   697 | D:1      | Learned a level 3 spell: Frozen Ramparts
   903 | D:1      | Found a faded altar of an unknown god.
  1456 | D:2      | Learned a level 1 spell: Shock
  1479 | D:2      | Reached skill level 6 in Ice Magic
  2003 | D:2      | Reached XP level 4. HP: 31/31 MP: 0/7
  2627 | D:3      | Learned a level 3 spell: Ozocubu's Armour
  3475 | D:4      | Found a transporter.
  3505 | D:4      | Reached skill level 1 in Air Magic
  3619 | D:4      | Found Omireaca's Weapon Emporium.
  3749 | D:4      | Reached XP level 5. HP: 27/36 MP: 6/9
  3767 | D:4      | Noticed a centaur
  3780 | D:4      | Killed a centaur
  3781 | D:4      | Reached skill level 1 in Armour
  4014 | D:4      | Noticed an ogre
  4073 | D:4      | Reached XP level 6. HP: 39/42 MP: 11/11
  4365 | D:4      | Reached skill level 1 in Fighting
  4499 | D:4      | Found a transporter.
  4559 | D:4      | HP: 2/43 [electric eel/bolt of electricity (10)]
  4858 | D:4      | Reached XP level 7. HP: 10/48 MP: 4/13
  4860 | D:4      | Reached skill level 1 in Short Blades
  5241 | D:5      | Entered Level 5 of the Dungeon
  5247 | D:5      | Found a white marble altar of Elyvilon.
  5249 | D:5      | Identified the ring of Gozag's Wrath {rC+ MP+9 Str+2}
  5650 | D:5      | Reached skill level 7 in Ice Magic
  5922 | D:5      | Reached skill level 5 in Spellcasting
  6189 | D:5      | Slain by an ice beast

Illustrated notes

Levels and vault maps discovered:
D:1:      giann_bridges, layout_rooms, serial_rivers,
          chequers_serial_rivers_micro_e, chequers_serial_rivers_small_b,
          chequers_serial_rivers_room_b, chequers_serial_rivers_small_3,
          dilly_ecumenical_altar_fadedgnrine
D:2:      layout_basic
D:3:      layout_rooms, roderic_lattice_a, minmay_quadrilaterals
D:4:      gammafunk_steamed_eel, layout_cave_pools, serial_shops, shop,
          nrook_mini_backslash, hex_medium
D:5:      layout_basic, elyvilon_altar_1, lemuel_round_altar,
          cheibriados_altar_1, chequers_serial_rivers_small_b

Skill      XL: |  1  2  3  4  5  6  7 |
---------------+----------------------+-----
Ice Magic      | 5 6 7 |  7.1
Air Magic      | 1 2 |  2.9
Spellcasting   | 3 4 5 |  5.1
Armour         | 2 3 |  3.8
Fighting       | 1 |  1.3
Short Blades   | 2 |  2.0
Dodging        | |  2.6
Stealth        | |  1.9
Conjurations   | |  0.4

Action                   |  1- 3 |  4- 6 |  7- 9 || total
-------------------------+-------+-------+-------++-------
Melee: Short sword       |    31 |    30 |    58 ||   119
Throw: Dart              |       |     1 |       ||     1
 Cast: Freeze            |    30 |     2 |     4 ||    36
       Shock             |    14 |    38 |    16 ||    68
       Frozen Ramparts   |     6 |    16 |     8 ||    30
       Ozocubu's Armour  |       |    12 |     8 ||    20
 Abil: Hop               |       |     7 |     1 ||     8
  Use: Potion            |     1 |       |       ||     1
       Scroll            |       |     2 |     4 ||     6
Armor: Robe              |    11 |       |       ||    11
       Leather armour    |     4 |    23 |    13 ||    40
Dodge: Dodged            |    34 |    33 |    31 ||    98
